 Dungeon Crawl Stone Soup version 0.21-a0-404-g291f19a (webtiles) character file.

20 tof the Twirler (level 2, -1/25 HPs)
             Began as a Minotaur Gladiator on Oct 26, 2017.
             Slain by a kobold (4 damage)
             ... on level 1 of the Dungeon.
             The game lasted 00:00:36 (446 turns).

tof the Twirler (Minotaur Gladiator)                 Turns: 446, Time: 00:00:37

Health: -1/25      AC:  3    Str: 18    XL:     2   Next: 58%
Magic:  1/1        EV: 13    Int:  5    God:
Gold:   34         SH:  0    Dex: 11    Spells: 1/1 levels left

rFire    . . .     SeeInvis .   a - +0 quarterstaff
rCold    . . .     Gourm    .   (shield currently unavailable)
rNeg     . . .     Faith    .   b - +0 leather armour
rPois    .         Spirit   .   c - +0 hat
rElec    .         Reflect  .   (no cloak)
rCorr    .         Harm     .   (no gloves)
MR       .....                  (no boots)
Stlth    +.........             (no amulet)
HPRegen  0.08/turn              (no ring)
MPRegen  0.07/turn              (no ring)

@: no status effects
A: retaliatory headbutt, horns 2
a: no special abilities


You were on level 1 of the Dungeon.
You were not hungry.

You visited 1 branch of the dungeon, and saw 1 of its levels.

You collected 34 gold pieces.

Inventory:

Hand Weapons
 a - a +0 quarterstaff (weapon)
Missiles
 d - 3 throwing nets (quivered)
 j - 6 tomahawks
Armour
 b - a +0 leather armour (worn)
 c - a +0 hat (worn)
Scrolls
 h - a scroll of enchant weapon {unknown}
 i - a scroll of fear {unknown}
Potions
 e - a potion of haste {unknown}
Comestibles
 f - a bread ration


   Skills:
 + Level 2.6 Fighting
 * Level 4.0 Staves
 + Level 2.3 Throwing
 * Level 1.3 Armour
 + Level 3.4 Dodging


You had one spell level left.
You didn't know any spells.

Dungeon Overview and Level Annotations

Branches:
Dungeon (1/15)

Altars:


Innate Abilities, Weirdness & Mutations

You reflexively headbutt those who attack you in melee.
You have a pair of horns on your head.


Message History

You see here a stone.
The goblin throws a stone.
The stone barely misses you.
All of the chunks of flesh in your inventory have rotted away.
Found a fuming grey potion.
The goblin hits you with a club.
* * * LOW HITPOINT WARNING * * *
You closely miss the goblin. The goblin closely misses you.
You closely miss the goblin. The giant cockroach closely misses you.
The goblin closely misses you. The giant cockroach bites you.
* * * LOW HITPOINT WARNING * * *
You hit the giant cockroach.
You kill the giant cockroach!
Your Staves skill increases to level 4!
The goblin misses you. The kobold closely misses you.
You hit the goblin.
You kill the goblin!
The kobold hits you.
* * * LOW HITPOINT WARNING * * *
The kobold hits you.
You die...

#......... #......... #.........
## #......... ...######.........
.# $................. #.#
#....................... #.#
#...............@K...... #.#
#...................!... #.#
#...............######## #.#
#.............(.# ###.######
#............(..# #.(.......
#...............# #.#..##.##
#..!...)....((..########(##.##.#
#......)?#########........#.##.##
#.....))?### #........#..#...


You could see a kobold.

Vanquished Creatures
  A leopard gecko (D:1)
  A bat (D:1)
  2 giant cockroaches (D:1)
  2 goblins (D:1)
  4 hobgoblins (D:1)
  4 kobolds (D:1)
  A frilled lizard (D:1)
15 creatures vanquished.

Notes
Turn   | Place    | Note
-------+----------+-------------------------------------------
     0 | D:1      | tof the Minotaur Gladiator began the quest for the Orb.
     0 | D:1      | Reached XP level 1. HP: 18/18 MP: 0/0
   379 | D:1      | Reached skill level 1 in Armour
   379 | D:1      | Reached XP level 2. HP: 22/25 MP: 1/1
   444 | D:1      | Reached skill level 4 in Staves
   446 | D:1      | Slain by a kobold

Vault maps used:
D:1:      dpeg_arrival_subterranean_lakeside_camping, minmay_statues_item,
          feat_on_display

Skill      XL: |  1  2 |
---------------+-------+-----
Armour         | 1 |  1.3
Staves         | 4 |  4.0
Fighting       | |  2.6
Throwing       | |  2.3
Dodging        | |  3.4

Action                   || total
-------------------------++-------
Melee: Quarterstaff      ||    31
       Headbutt          ||     3
Armor: Leather armour    ||     6
Dodge: Dodged            ||    28

Table legend:
 A = Spawn XP
 B = Non-spawn XP
 C = Spawn XP percentage of total XP
 D = Spawn monster count
 E = Non-spawn monster count
 F = Spawn count percentage of total count
 G = Total turns spent on level
                    A         B        C        D         E        F      G
               +---------+---------+-------+---------+---------+-------+---------
         Total |       0 |      29 |   0.0 |       0 |      15 |   0.0 |   446
               +---------+---------+-------+---------+---------+-------+---------
           D:1 |       0 |      29 |   0.0 |       0 |      15 |   0.0 |   446
               +---------+---------+-------+---------+---------+-------+---------
